 Dungeon Crawl Stone Soup version 0.25-a0-166-g16436c4407 (webtiles) character file.

Game seed: 5626600897935771854, levelgen mode: deterministic

1699 Fukker the Frost Mage (level 8, -1/52 HPs)
             Began as a Demonspawn Ice Elementalist on Nov 23, 2019.
             Was a Priest of Kikubaaqudgha.
             Slain by an orc warrior
             ... wielding a +0 short sword
              (14 damage)
             ... on level 6 of the Dungeon.
             The game lasted 00:24:49 (6619 turns).

Fukker the Frost Mage (Demonspawn Ice Elementalist) Turns: 6619, Time: 00:24:50

Health: -1/52      AC:  8    Str: 10    XL:     8   Next: 73%
Magic:  6/12       EV: 12    Int: 18    God:    Kikubaaqudgha [***...]
Gold:   273        SH:  0    Dex: 13    Spells: 4/13 levels left

rFire    . . .     SeeInvis .   m - +1 short sword (elec)
rCold    . . .     Gourm    .   (no shield)
rNeg     . . .     Faith    .   a - +0 robe
rPois    .         Spirit   .   o - +0 helmet
rElec    .         Reflect  .   (no cloak)
rCorr    .         Harm     .   b - +0 pair of gloves
MR       .....                  z - +0 pair of boots
Stlth    ++........             h - amulet of regeneration
HPRegen  0.57/turn              x - ring of attention
MPRegen  0.13/turn              (no ring)

@: about to teleport, slowed, studying Long Blades, very slow
A: claws 2, icy blue scales 2, nightstalker 1
a: Receive Corpses, Renounce Religion


You were on level 6 of the Dungeon.
You worshipped Kikubaaqudgha.
Kikubaaqudgha was most pleased with you.
You were very hungry.

You visited 1 branch of the dungeon, and saw 6 of its levels.
You also visited: Sewer.

You collected 273 gold pieces.

Inventory:

Hand Weapons
 e - a +0 dagger
 k - a +1 dagger of freezing
 m - a +1 short sword of electrocution (weapon)
 B - a -3 long sword
Missiles
 g - 185 stones (quivered)
 j - 7 atropa-tipped darts
 q - 51 bolts
Armour
 a - a +0 robe (worn)
 b - a +0 pair of gloves (worn)
 o - a +0 helmet (worn)
 z - a +0 pair of boots (worn)
Magical Staves
 G - an uncursed staff of fire {unknown}
Jewellery
 h - an amulet of regeneration (around neck)
 x - a ring of attention (left hand)
Wands
 C - a wand of iceblast (9)
 D - a wand of flame (14)
Scrolls
 f - a scroll of immolation {unknown}
 i - 6 scrolls of remove curse
 n - 2 scrolls of blinking
 u - 2 scrolls of magic mapping
 v - 2 scrolls of amnesia {unknown}
 y - a scroll of enchant weapon {unknown}
Potions
 d - a potion of might {unknown}
 l - 3 potions of curing
 p - a potion of degeneration {unknown}
 r - a potion of agility {unknown}
 t - a potion of lignification {unknown}
 w - a potion of berserk rage {unknown}
 E - a potion of invisibility {unknown}
 F - a potion of brilliance {unknown}
 H - a potion of resistance {unknown}
Books
 A - a manual of Long Blades
Comestibles
 c - 9 rations


   Skills:
 - Level 1.2(2.9) Short Blades
 * Level 4.0(4.2) Long Blades
 - Level 1.7 Dodging
 - Level 1.7 Stealth
 - Level 3.3 Spellcasting
   Level 1.0 Conjurations
 + Level 0.1 Charms
 - Level 4.2 Summonings
 + Level 2.7 Necromancy
 + Level 8.3 Ice Magic


You had 4 spell levels left.
You knew the following spells:

 Your Spells              Type           Power        Failure   Level  Hunger
a - Freeze                Ice            ####         1%          1    None
b - Ozocubu's Armour      Chrm/Ice       ###.....     9%          3    ###....
c - Summon Ice Beast      Ice/Summ       ####....     12%         4    ####...
d - Animate Skeleton      Necr           N/A          4%          1    None

Your spell library contained the following spells:

 Spells                   Type           Power        Failure   Level  Hunger
 Throw Frost              Conj/Ice       ###...       3%          2    ##.....
 Pain                     Necr           ##..         4%          1    None
 Sublimation of Blood     Necr           ##........   8%          2    ##.....
 Beastly Appendage        Tmut           #.....       16%         1    None
 Vampiric Draining        Necr           ##........   16%         3    ###....
 Throw Icicle             Conj/Ice       ###.....     22%         4    ####...
 Sticks to Snakes         Tmut           #.......     24%         2    ##.....
 Ice Form                 Ice/Tmut       ###.....     28%         4    ####...
 Spider Form              Tmut/Pois      #.........   43%         3    ###....
 Dispel Undead            Necr           ##......     80%         5    ######.
 Bolt of Draining         Conj/Necr      #.........   90%         5    ######.
 Excruciating Wounds      Chrm/Necr      #.........   94%         5    ######.
 Simulacrum               Ice/Necr       ###.......   94%         6    #######
 Blade Hands              Tmut           #.........   99%         5    ######.
 Death Channel            Necr           ##........   100%        6    #######


Dungeon Overview and Level Annotations

Branches:
Dungeon (6/15)             Temple (0/1) D:6           Sewer (visited)

Altars:
Ashenzari
Cheibriados
Dithmenos
Fedhas
Kikubaaqudgha
Wu Jian
Yredelemnul

Shops:
D:5 [


Innate Abilities, Weirdness & Mutations

You have very sharp fingernails.
You are mostly covered in icy blue scales. (AC +3)
You are slightly more attuned to the shadows.


Message History

The orc priest is lightly wounded.
The orc priest misses you. The hound skeleton closely misses you.
Your ice beast hits the orc priest.
Your ice beast freezes the orc priest.
Your ice beast barely misses the orc priest.
The orc priest hits your ice beast with a +2 short sword of speed.
The hound skeleton bites you but does no damage.
The orc hits you with a +0 flail.
* * * LOW HITPOINT WARNING * * *
Something misses your ice beast.
The hound skeleton bites you but does no damage.
Something hits your ice beast!
The hound skeleton bites you but does no damage.
You feel the world leave you behind!
You feel yourself slow down.
Your ice beast disappears in a puff of smoke!
As you read the scroll of teleportation, it crumbles to dust.
You feel strangely unstable.
The orc warrior hits you with a +0 short sword!
You die...
Kikubaaqudgha rasps: "You have failed me!
Welcome... death!"

*,*##.#.###,*,*
#,*#...W..,,*,****
#.##..#.#*,,,,,,,*
#...o.)o###.#,**,*
####WZ.......,**,*
#o##......,**,*
#.#*######***,* #o#
*,* #@# ******* #.#
#.# *,,,,,* #.#
###.# *,,,,,*##.####
#...# *,,,,,*#......
#.### *,,,,,*#......
#.###**,..,,*#..P...
#.#..,,,..#**#....>.
#.#.#####.# #...P..
#.#.##....# #.#....


You could see a phantom, an orc warrior, an orc priest (wandering), an orc and a
hound skeleton.

Vanquished Creatures
  An orc warrior (D:6)
  A phantom (D:5)
  An ogre (D:5)
  A big kobold (D:4)
  A bullfrog (Sewer)
  A howler monkey (D:6)
  A wight (D:5)
  2 crimson imps (D:6)
  A centaur zombie (D:6)
  3 hounds
  A jelly (D:6)
  A quasit (D:5)
  2 bullfrog skeletons (D:4)
  A bullfrog zombie (D:6)
  A centaur skeleton (D:6)
  5 orc wizards
  A gnoll shaman (D:5)
  An orc priest (D:3)
  3 worker ants
  3 iguanas
  A killer bee zombie (D:5)
  A hound skeleton (D:4)
  A gnoll (D:5)
  A worker ant zombie (D:6)
  6 adders
  A howler monkey skeleton (D:5)
  5 oozes (Sewer)
  An adder zombie (D:5)
  3 worms
  A dart slug (D:2)
  5 leopard geckos
  9 orcs
  11 giant cockroaches
  7 goblins
  9 hobgoblins
  7 kobolds
  2 quokkas
  5 ball pythons (Sewer)
  A ball python zombie (D:5)
  12 bats
  11 frilled lizards
  A giant cockroach zombie (D:6)
  A leopard gecko skeleton (D:6)
  A quokka skeleton (D:5)
  6 rats
141 creatures vanquished.

Vanquished Creatures (collateral kills)
  A sky beast (D:6)
  2 phantoms (D:4)
  A bullfrog (Sewer)
  A crimson imp (D:6)
  A quasit (D:6)
  A jelly (D:6)
  2 orc priests
  An orc wizard (D:4)
  A worker ant zombie (D:6)
  3 gnolls (D:5)
  3 worms (D:6)
  A leopard gecko (Sewer)
  5 orcs
  A ball python (Sewer)
  4 giant cockroaches (Sewer)
  2 frilled lizards (Sewer)
30 creatures vanquished.

Grand Total: 171 creatures vanquished

Notes
Turn   | Place    | Note
-------+----------+-------------------------------------------
     0 | D:1      | Fukker the Demonspawn Ice Elementalist began the quest for
                  | the Orb.
     0 | D:1      | Reached XP level 1. HP: 13/13 MP: 3/3
   199 | D:1      | Reached skill level 3 in Ice Magic
   415 | D:1      | Gained mutation: You have sharp fingernails. [demonic
                  | ancestry]
   415 | D:1      | Reached XP level 2. HP: 19/19 MP: 1/5
  1554 | D:2      | Gained mutation: You are partially covered in icy blue
                  | scales. (AC +2) [demonic ancestry]
  1554 | D:2      | Reached XP level 3. HP: 24/24 MP: 3/6
  1742 | D:2      | Learned a level 3 spell: Ozocubu's Armour
  2048 | D:2      | Found a faded altar of an unknown god.
  2048 | D:2      | Found an ornate altar of the Wu Jian Council.
  2053 | D:2      | Found a shadowy altar of Dithmenos.
  2058 | D:2      | Found a faded altar of an unknown god.
  2060 | D:2      | Found a basalt altar of Yredelemnul.
  2085 | D:2      | Became a worshipper of Cheibriados the Contemplative
  2085 | D:2      | Reached * piety under Cheibriados
  2173 | D:2      | Found an ancient bone altar of Kikubaaqudgha.
  2174 | D:2      | Found a blossoming altar of Fedhas.
  2275 | D:2      | Fell from the grace of Cheibriados
  2275 | D:2      | Became a worshipper of Kikubaaqudgha
  2615 | D:4      | Noticed a big kobold
  2618 | D:4      | Reached XP level 4. HP: 30/30 MP: 6/8
  2640 | D:4      | Killed a big kobold
  2640 | D:4      | Reached skill level 1 in Short Blades
  2640 | D:4      | Reached skill level 4 in Ice Magic
  2693 | D:4      | Learned a level 4 spell: Summon Ice Beast
  2705 | D:4      | Gained mutation: You are slightly more attuned to the
                  | shadows. [demonic ancestry]
  2705 | D:4      | Reached XP level 5. HP: 35/35 MP: 3/9
  2795 | D:4      | Noticed a phantom
  2910 | D:3      | Reached skill level 1 in Summonings
  3292 | D:3      | Found a shattered altar of Ashenzari.
  3578 | D:4      | Noticed a phantom
  3601 | D:4      | Killed a phantom
  3601 | D:4      | Reached skill level 5 in Ice Magic
  3601 | D:4      | Reached XP level 6. HP: 25/41 MP: 7/10
  3654 | D:4      | Reached * piety under Kikubaaqudgha
  3654 | D:4      | Identified Kikubaaqudgha's Guide on Dark Arts
                  | (Kikubaaqudgha gifted it to you on level 4 of the Dungeon)
  3654 | D:4      | Received a gift from Kikubaaqudgha
  3658 | D:4      | Learned a level 1 spell: Animate Skeleton
  3805 | D:4      | Gained mutation: You have very sharp fingernails. [demonic
                  | ancestry]
  3805 | D:4      | Reached XP level 7. HP: 40/46 MP: 3/11
  4039 | D:5      | Entered Level 5 of the Dungeon
  4099 | D:5      | Reached skill level 6 in Ice Magic
  4488 | D:5      | Reached skill level 1 in Necromancy
  4707 | D:5      | Found Tonkant's Armour Emporium.
  5305 | D:6      | Reached skill level 7 in Ice Magic
  5305 | D:6      | Gained mutation: You are mostly covered in icy blue scales.
                  | (AC +3) [demonic ancestry]
  5305 | D:6      | Reached XP level 8. HP: 47/52 MP: 7/12
  5332 | D:6      | Found a staircase to the Ecumenical Temple.
  5363 | D:6      | Found a glowing drain.
  5370 | D:6      | Reached skill level 1 in Long Blades
  5380 | Sewer    | Entered a sewer
  5508 | Sewer    | Reached ** piety under Kikubaaqudgha
  6145 | D:6      | Reached *** piety under Kikubaaqudgha
  6145 | D:6      | Identified Kikubaaqudgha's Incunabulum of Evil
                  | (Kikubaaqudgha gifted it to you on level 6 of the Dungeon)
  6145 | D:6      | Received a gift from Kikubaaqudgha
  6222 | D:6      | Reached skill level 8 in Ice Magic
  6619 | D:6      | Slain by an orc warrior

Levels and vault maps discovered:
D:1:      doesnt_arrival_eight_statues, layout_basic, dk_noncrumbling_3
D:2:      layout_basic, grunt_temple_overflow_growth_and_decay,
          chequers_temple_overflow_minitemple
D:3:      layout_rooms, lemuel_crystal_altar, first_ration,
          kennysheep_generic_room_4
D:4:      layout_rooms
D:5:      layout_basic, serial_shops, nicolae_shop_behind_doors,
          minmay_manual_macuahuitl
D:6:      layout_loops_cross, minmay_temple_entry_overgrown,
          cheibrodos_sewer_entry_bend

Skill      XL: |  1  2  3  4  5  6  7  8 |
---------------+-------------------------+-----
Ice Magic      | 3 4 5 7 8 |  8.3
Short Blades   | 1 |  1.2
Spellcasting   | 3 |  3.3
Summonings     | 2 3 4 |  4.2
Necromancy     | 1 2 |  2.7
Long Blades    | 4 |  4.0
Dodging        | |  1.7
Stealth        | |  1.7
Conjurations   | |  1.0
Charms         | |  0.1

Action                   |  1- 3 |  4- 6 |  7- 9 || total
-------------------------+-------+-------+-------++-------
Melee: Dagger            |     1 |       |       ||     1
       Unarmed           |    63 |       |       ||    63
       Short sword       |    18 |    56 |   270 ||   344
Throw: Stone             |     1 |     1 |     3 ||     5
       Dart              |     1 |     5 |       ||     6
 Cast: Freeze            |    55 |    27 |    21 ||   103
       Summon Ice Beast  |       |     3 |    16 ||    19
       Animate Skeleton  |       |     3 |    13 ||    16
       Ozocubu's Armour  |       |       |     1 ||     1
  Use: Scroll            |       |     4 |     4 ||     8
 Stab: Sleeping          |     4 |     5 |     5 ||    14
       Distracted        |       |       |     2 ||     2
  Eat: Chunk             |     6 |     5 |     5 ||    16
       Ration            |       |       |     3 ||     3
Armor: Robe              |    38 |    20 |   130 ||   188
Dodge: Dodged            |    86 |    60 |   237 ||   383

Table legend:
 A = Non-vault XP
 B = Vault XP
 C = Vault XP percentage of total XP
 D = Non-vault monster count
 E = Vault monster count
 F = Vault count percentage of total count
                 A         B        C        D         E       F
            +---------+---------+-------+---------+---------+-------
      Total |    2114 |     314 |  12.9 |     128 |      43 |  25.1
            +---------+---------+-------+---------+---------+-------
        D:1 |      31 |       0 |   0.0 |      20 |       0 |   0.0
        D:2 |      40 |       0 |   0.0 |      22 |       0 |   0.0
        D:3 |     128 |       0 |   0.0 |      17 |       0 |   0.0
        D:4 |     599 |       0 |   0.0 |      20 |       0 |   0.0
        D:5 |     472 |     107 |  18.5 |      23 |       4 |  14.8
        D:6 |     844 |       9 |   1.1 |      26 |       3 |  10.3
      Sewer |       0 |     198 | 100.0 |       0 |      36 | 100.0
            +---------+---------+-------+---------+---------+-------
